AoeStats
← Chigüiro

MegaRandom

509264519Analyzed
4v4 RM · 6d ago on Sep 26, 2026· 16m 23s· 8 players
Game mode
Random Map
Map size
Large (8 player)
Population
200
Speed
Normal
Resources
Standard
Victory
Conquest
Starting age
Dark Age
Ending age
Imperial Age
RankedLock teamsTeams togetherTeam positionsShared explorationLock speedFull tech treeHidden civsTurbo modeCheats
Victory
Defeat
🇨🇳 Saxons · China
1689
+6
🇨🇳 Varangians · China
1594
+9
🇨🇴 Hindustanis · Colombia
1556
+10
🇲🇴 Wei · Macao SAR China
1453
+15
🇪🇨 Vietnamese · Ecuador
1486
-12
🇦🇷 Italians · Argentina
1433
-10
🇵🇪 Magyars · Peru
1401
-9
🇮🇳 Khmer · India
1398
-9
无垢之识
4:45 Loom
5:56 Loom
8:49 Feudal Age
10:05 Double-Bit Axe
12:12 Horse Collar
14:31 Bloodlines
15:54 Forging
Chigüiro
4:47 Loom
9:22 Feudal Age
10:45 Double-Bit Axe
13:54 Forging
15:34 Scale Barding Armor
屁屁人
1:37 Loom
14:48 Feudal Age
15:27 Double-Bit Axe
mongo
6:51 Loom
8:59 Feudal Age
9:33 Double-Bit Axe
11:03 Fletching
12:07 Padded Archer Armor
16:15 Wheelbarrow
15:34 Horse Collar
KOF ELGRANKUSKING
2:45 Loom
15:16 Feudal Age
15:57 Double-Bit Axe
kalioglu
7:27 Loom
9:48 Feudal Age
10:32 Double-Bit Axe
13:15 Wheelbarrow
GONZALO MONTIEL
7:18 Loom
9:50 Feudal Age
11:09 Double-Bit Axe
15:19 Fletching
15:29 Padded Archer Armor
Vu_PY
10:50 Feudal Age
13:45 Castle Age
11:52 Double-Bit Axe
13:22 Bloodlines
Connection lost

Rejoining the realm…

Still unreachable

The connection could not be restored.

Session expired

The server has moved on; the page needs a fresh start.